 Dungeon Crawl Stone Soup version 0.32-a0-841-g4648e6c457 (webtiles) character file.

Game seed: 8035245363455978293

89 blessed the Trooper (level 4, -2/45 HPs)
             Began as an Oni Brigand on Mar 26, 2024.
             Slain by Sigmund
             ... wielding a +0 heavy scythe
              (8 damage)
             ... on level 3 of the Dungeon.
             The game lasted 00:03:30 (2298 turns).

blessed the Trooper (Oni Brigand)                   Turns: 2298, Time: 00:03:32

Health: -2/45      AC:  3    Str: 15    XL:     4   Next: 55%
Magic:  4/4        EV:  9    Int: 12    God:
Gold:   151        SH:  0    Dex: 18    Spells: 3/3 levels left

rFire   . . .        a - +2 dagger
rCold   . . .        (no shield)
rNeg    . . .        b - +0 robe
rPois   .            (helmet restricted)
rElec   .            o - scarf {harm}
rCorr   .            (gloves unavailable)
SInv    .            (boots unavailable)
Will    .....        h - amulet of regeneration
Stlth   +++          g - +6 ring of dexterity
HPRegen 1.07/turn    (no ring)
MPRegen 0.09/turn

%: harm (+30% outgoing, +20% incoming)
@: no status effects
A: large, unfitting armour, horns 1, tough skin 1, double potion healing,
drunken brawling
a: Convert to Beogh


You were on level 3 of the Dungeon.
You visited 1 branch of the dungeon, and saw 3 of its levels.

You collected 151 gold pieces.

Inventory:

Hand Weapons
 a - a +2 dagger (weapon)
Missiles
 d - 14 poisoned darts (quivered)
 e - 3 curare-tipped darts
Armour
 b - a +0 robe (worn)
 c - a +0 cloak
 o - a scarf of harm (worn)
 p - a +0 leather armour
Jewellery
 g - a +6 ring of dexterity (left hand)
 h - an amulet of regeneration (around neck)
Scrolls
 f - 3 scrolls of identify {unknown}
 i - a scroll of amnesia {unknown}
 l - a scroll of noise {unknown}
 q - a scroll of vulnerability {unknown}
Potions
 j - 2 potions of haste {unknown}
 k - a potion of curing {unknown}
 m - a potion of enlightenment {unknown}
 n - a potion of degeneration {unknown}


   Skills:
 + Level 3.5 Fighting
 + Level 2.4 Short Blades
 + Level 2.7 Throwing
 + Level 1.7 Dodging
 + Level 3.3 Stealth


You had 3 spell levels left.
You didn't know any spells.
Your spell library contained the following spells:

 Spells                   Type           Power      Damage    Failure   Level
 Apportation              Tloc           0%         N/A       32%         1
 Freeze                   Ice            0%         1d3       32%         1
 Jinxbite                 Hex            0%         N/A       45%         2
 Frozen Ramparts          Ice            0%         1d1       69%         3
 Hailstorm                Conj/Ice       0%         3d5       69%         3
 Alistair's Intoxication  Alch           0%         N/A       100%        5
 Summon Forest            Summ/Tloc      0%         N/A       100%        5
 Eringya's Noxious Bog    Alch           0%         4d6       100%        6
 Summon Hydra             Summ           0%         N/A       100%        7


Dungeon Overview and Level Annotations

Branches:
Dungeon (3/15)

Altars:
Xom

Annotations:
D:3 Sigmund


Innate Abilities, Weirdness & Mutations

You are too large for most types of armour.
You have a pair of small horns on your head.
You have tough skin. (AC +1)
You gain doubled healing and magic from potions.
Whenever you drink a healing potion, you attack all around you.


Message History

You hit Sigmund but do no damage. You hit Sigmund.
Sigmund is lightly wounded.
Sigmund barely misses you.
You completely miss Sigmund. You headbutt Sigmund.
Sigmund is lightly wounded.
You hit Sigmund.
Sigmund is moderately wounded.
Sigmund hits you but does no damage.
You hit Sigmund.
Sigmund is moderately wounded.
The orc priest looks braver for a moment.
You barely miss Sigmund.
Sigmund is moderately wounded.
You hit Sigmund.
Sigmund is heavily wounded.
Sigmund hits you with a +0 heavy scythe!!
Ouch! That really hurt!
* * * LOW HITPOINT WARNING * * *
The orc priest invokes the aid of Beogh against you.
Beogh smites you!
* * * LOW HITPOINT WARNING * * *
You hit Sigmund but do no damage.
Sigmund is heavily wounded.
The orc priest miscasts a cantrip.
You barely miss Sigmund. Your headbutt misses Sigmund.
Sigmund is heavily wounded.
Sigmund closely misses you.
You hit Sigmund. You headbutt Sigmund.
Sigmund is severely wounded.
The orc priest shouts, "The Pantheon deserves no one's loyalty.
Let us show you the true path!"
The orc priest shouts, "The Pantheon deserves no one's loyalty.
Let us show you the true path!"
You hit Sigmund. You headbutt Sigmund.
Sigmund is severely wounded.
You hit Sigmund.
Sigmund is almost dead.
The orc priest threatens, "Beogh's wrath is as vast as their mercy.
Make your choice!"
Sigmund hits you with a +0 heavy scythe!
You die...
Sigmund begins carving another notch in his scythe.

#.## #.#
#.# #)# #.#
##.###.##
#.#
#........
#.#
..<..###.##
#.# ... #.#
#<# # #..
#.####.#.##
####
#..@@o.....
##.###.#..#
#.# #.# #.#
#.# ... ...


You could see Sigmund and an orc priest.

Vanquished Creatures
  2 adders
  A dart slug (D:1)
  A ribbon worm (D:2)
  7 endoplasms
  2 giant cockroaches
  5 goblins
  9 hobgoblins
  4 jackals (D:2)
  7 kobolds
  2 quokkas (D:1)
  7 ball pythons
  6 bats
  4 frilled lizards (D:2)
  7 rats
64 creatures vanquished.

Notes
Turn   | Place    | Note
-------+----------+-------------------------------------------
     0 | D:1      | blessed the Oni Brigand began the quest for the Orb.
     0 | D:1      | Reached XP level 1. HP: 22/22 MP: 1/1
   111 | D:1      | Reached skill level 1 in Dodging
   167 | D:1      | Reached XP level 2. HP: 29/29 MP: 2/2
   441 | D:1      | Reached XP level 3. HP: 37/37 MP: 3/3
  1487 | D:2      | Found a shimmering altar of Xom.
  1655 | D:2      | Reached XP level 4. HP: 45/45 MP: 4/4
  2280 | D:3      | Noticed Sigmund
  2293 | D:3      | HP: 1/45 [orc priest/divine providence (12)]
  2298 | D:3      | Slain by Sigmund

Illustrated notes

Levels and vault maps discovered:
D:1:      evilmike_arrival_rings, layout_basic, shapermc_ecumenical_altar_petra,
          minmay_misc_feat_columns
D:2:      layout_basic, basic_altar
D:3:      layout_loops_ring, uniq_grinder, uniq_sigmund

Skill      XL: |  1  2 |
---------------+-------+-----
Stealth        | 3 |  3.3
Dodging        | 1 |  1.7
Short Blades   | 2 |  2.4
Fighting       | 3 |  3.5
Throwing       | |  2.7

Action                     |  1- 3 |  4- 6 || total
---------------------------+-------+-------++-------
  Melee: Dagger            |   107 |    51 ||   158
         Headbutt          |    11 |     9 ||    20
   Stab: Sleeping          |    11 |     3 ||    14
         Distracted        |     1 |       ||     1
 Armour: Robe              |   100 |    24 ||   124
  Dodge: Dodged            |    73 |    24 ||    97

Table legend: (Time is in decaauts)
 A = Elapsed time spent in this place.
 B = Non-inter-level travel time spent in this place.
 C = Inter-level travel time spent in this place.
 D = Time resting spent in this place.
 E = Time spent auto-exploring this place.
 F = Levels seen in this place.
 G = Mean time per level.
                   A        B        C        D        E       F      G
               +--------+--------+--------+--------+--------+-----+--------+
         Total |   2280 |   2280 |      0 |      0 |   1442 |   3 |  760.0 |
       Dungeon |   2280 |   2280 |      0 |      0 |   1442 |   3 |  760.0 |
               +--------+--------+--------+--------+--------+-----+--------+

Top non-repeatable levels by time:
     D:1: 1337 daAuts
     D:2: 777 daAuts
     D:3: 164 daAuts
